Map: Ascension to Aiur LE

Players

keen - Winner!

  • Race: Terran Terran
  • League: Grandmaster
  • Spawn Location: 11:00

IIIIIIIIIIII

  • Race: Protoss Protoss
  • League: Grandmaster
  • Spawn Location: 5:00

VOD

Have the link to the VOD?

Description

Time

  • Played on: July 9, 2017, 9:40 p.m.
  • Length: 12:42
Show
View Real Time Build Order
Export as new Build Order

keen Terran - Winner!

Build Orders: Liberator Opening, Reaper Expand, MMM Bio 

Get SALT Encoding   

  12  0:00  SCV  
  13  0:12  SCV  
  14  0:17  Supply Depot  
  14  0:24  SCV  
  15  0:28  Refinery  
  15  0:38  SCV  
  16  0:44  Barracks  
  16  0:51  SCV  
  17  1:03  SCV  
  18  1:15  SCV  
  19  1:32  Reaper, Orbital Command  
  20  1:44  Command Center  
  20  1:54  Factory  
  20  1:58  SCV  
  21  2:05  Barracks Reactor  
  21  2:06  Refinery  
  21  2:10  SCV  
  21  2:15  Supply Depot  
  22  2:22  SCV  
  24  2:37  SCV  
  24  2:38  Starport  
  24  2:41  Marine x2  
  24  2:42  Widow Mine  
  28  2:49  SCV  
  29  2:56  Orbital Command  
  29  3:01  SCV, Marine x2  
  32  3:13  SCV, Widow Mine  
  32  3:15  Medivac  
  32  3:19  Marine x2  
  39  3:25  SCV  
  39  3:26  SCV  
  41  3:29  Supply Depot  
  41  3:33  Liberator  
  41  3:37  SCV  
  41  3:38  SCV, Marine  
  41  3:39  Marine  
  45  3:44  Factory Tech Lab  
  45  3:47  Supply Depot  
  45  3:52  SCV  
  45  3:53  SCV  
  50  3:56  Marine x2  
  50  4:02  Barracks  
  52  4:05  SCV  
  52  4:06  SCV  
  54  4:14  Siege Tank, Supply Depot  
  57  4:18  SCV x2  
  57  4:20  Marine x2  
  61  4:30  SCV  
  62  4:36  SCV, Engineering Bay  
  62  4:38  Marine x2  
  66  4:45  SCV  
  66  4:46  Siege Tank  
  66  4:47  Supply Depot  
  66  4:48  SCV  
  66  4:51  Barracks, Barracks Tech Lab  
  70  4:52  Starport Reactor  
  70  5:04  Terran Infantry Weapons Level 1, Refinery  
  70  5:05  Refinery  
  70  5:08  SCV x2  
  72  5:16  Marine x2  
  72  5:17  Marine  
  72  5:19  Stimpack  
  72  5:20  SCV x2  
  69  5:33  SCV x2  
  69  5:34  Marine x2  
  69  5:35  Marine  
  72  5:36  Starport Reactor  
  72  5:43  Factory Reactor  
  72  5:44  Supply Depot  
  72  5:45  SCV  
  70  5:52  Marine x2  
  70  5:53  Combat Shields  
  70  5:54  Marauder x2  
  78  6:00  Medivac  
  78  6:05  Medivac  
  78  6:06  Supply Depot  
  78  6:10  Marine x2  
  82  6:15  Marauder x2  
  84  6:19  Widow Mine  
  84  6:24  Command Center  
  86  6:26  Widow Mine  
  86  6:28  Marine x2  
  90  6:36  Marauder x2  
  90  6:37  Medivac x2  
  98  6:41  Supply Depot  
  98  6:45  Marine  
  98  6:46  Marine  
  100  6:53  SCV  
  100  6:54  SCV  
  102  6:58  Barracks  
  102  7:00  Barracks  
  101  7:06  SCV, Marine x2, Marauder x2  
  106  7:12  SCV  
  106  7:13  Terran Infantry Armor Level 1  
  106  7:14  Supply Depot  
  107  7:21  SCV  
  108  7:24  SCV  
  106  7:33  SCV  
  106  7:36  SCV, Marauder x2  
  101  7:37  Marine x2  
  101  7:43  Medivac  
  97  7:44  Medivac  
  97  7:45  SCV  
  97  7:48  SCV  
  97  7:49  SCV  
  91  7:55  Barracks Reactor  
  91  7:57  SCV, Marauder x2  
  96  8:00  SCV, Liberator  
  96  8:03  Liberator  
  96  8:05  Marine x2  
  96  8:06  Barracks Tech Lab  
  96  8:08  Orbital Command  
  96  8:09  SCV  
  96  8:12  SCV  
  99  8:18  Armory, Engineering Bay, Marauder  
  99  8:19  Marauder  
  109  8:30  Marauder  
  109  8:31  Marine x2  
  109  8:32  Marine x2  
  115  8:36  Widow Mine x2  
  115  8:40  SCV x3, Marauder x2  
  126  8:41  Refinery  
  126  8:42  Refinery  
  126  8:43  Liberator  
  126  8:45  Liberator  
  126  8:48  Supply Depot  
  126  8:51  Supply Depot  
  126  8:52  SCV x3  
  126  8:53  Marine x4  
  133  8:59  Marauder  
  133  9:01  Marauder x2  
  134  9:10  Marine  
  134  9:11  Marine x3  
  134  9:14  Widow Mine x2  
  142  9:17  Terran Infantry Weapons Level 2  
  142  9:21  Missile Turret, Marauder  
  142  9:23  Marauder x2  
  148  9:28  Marine x2  
  148  9:29  Marine x2  
  152  9:31  Terran Infantry Armor Level 2  
  152  9:42  Widow Mine, Marine  
  152  9:43  Widow Mine  
  152  9:44  Terran Ship Weapons Level 1  
  157  9:55  Supply Depot  
  157  9:58  Marine x5, Supply Depot  
  157  9:59  Liberator x2  
  162  10:00  Marauder, Supply Depot  
  164  10:08  Concussive Shells  
  164  10:15  Widow Mine  
  164  10:16  Widow Mine, Marauder  
  164  10:18  Marine x2, Marauder  
  163  10:21  Marauder  
  163  10:23  Marine x2  
  166  10:36  Marine  
  166  10:38  Marauder  
  166  10:39  Marauder  
  171  10:43  Widow Mine, Command Center, Marauder  
  171  10:44  Marine x3  
  171  10:45  Widow Mine  
  177  11:00  Barracks x2  
  177  11:01  Barracks  
  177  11:08  Marine x2  
  177  11:09  Marine x2  
  181  11:12  Widow Mine, Marauder x3  
  189  11:26  Supply Depot  
  189  11:27  Supply Depot  
  189  11:31  Widow Mine  
  189  11:35  Marauder x3  
  189  11:38  Liberator x2  
  182  11:40  Widow Mine  
  168  11:49  Marine x2  
  168  11:50  Marine  
  160  11:56  Marauder  
  160  11:57  Marauder  
  160  11:59  Widow Mine, Planetary Fortress  
  172  12:01  Barracks Reactor  
  172  12:02  Missile Turret, Barracks Tech Lab x2  
  167  12:17  Marine x2, Marauder  
  167  12:18  Marine, Marauder  
  167  12:20  Marine x2  
Show
View Real Time Build Order
Export as new Build Order

IIIIIIIIIIII Protoss 

Build Orders: 1 Gate Expand, Blink Stalkers 

Get SALT Encoding   

  12  0:01  Probe (Chrono Boost)  
  13  0:11  Probe (Chrono Boost)  
  14  0:17  Pylon  
  14  0:22  Probe (Chrono Boost)  
  15  0:35  Probe (Chrono Boost)  
  16  0:37  Gateway  
  16  0:45  Probe (Chrono Boost)  
  16  0:49  Assimilator  
  17  0:56  Probe (Chrono Boost)  
  18  1:06  Probe (Chrono Boost)  
  19  1:25  Nexus  
  19  1:27  Probe (Chrono Boost)  
  20  1:37  Cybernetics Core  
  20  1:40  Probe (Chrono Boost)  
  20  1:45  Assimilator  
  21  1:51  Probe (Chrono Boost)  
  22  1:58  Pylon  
  23  2:01  Probe (Chrono Boost)  
  23  2:16  Stalker  
  23  2:17  Mothership Core (Chrono Boost)  
  23  2:18  Warp Gate  
  27  2:35  Probe (Chrono Boost)  
  28  2:37  Probe (Chrono Boost)  
  28  2:41  Robotics Facility  
  29  2:46  Stalker, Probe (Chrono Boost)  
  32  2:51  Probe (Chrono Boost)  
  32  2:56  Probe (Chrono Boost)  
  34  3:02  Probe (Chrono Boost)  
  35  3:05  Twilight Council  
  35  3:07  Probe (Chrono Boost)  
  37  3:12  Probe (Chrono Boost)  
  37  3:17  Assimilator  
  37  3:18  Probe (Chrono Boost)  
  38  3:21  Stalker  
  38  3:24  Probe (Chrono Boost)  
  41  3:28  Probe (Chrono Boost)  
  41  3:29  Observer  
  41  3:32  Pylon  
  43  3:34  Probe (Chrono Boost)  
  43  3:40  Pylon, Probe (Chrono Boost)  
  45  3:45  Probe (Chrono Boost)  
  46  3:50  Probe (Chrono Boost)  
  46  3:54  Probe (Chrono Boost), Blink (Chrono Boost)  
  48  3:59  Assimilator  
  48  4:02  Observer, Probe  
  50  4:04  Probe  
  50  4:08  Gateway  
  51  4:14  Gateway  
  51  4:15  Probe  
  51  4:16  Probe  
  52  4:22  Stalker  
  55  4:27  Probe x2  
  55  4:29  Observer  
  58  4:37  Probe  
  57  4:39  Probe  
  57  4:41  Pylon  
  59  4:46  Pylon  
  59  4:47  Pylon  
  60  4:54  Nexus  
  60  4:58  Pylon  
  60  4:59  Probe  
  58  5:09  Probe  
  58  5:11  Probe  
  58  5:14  Stalker  
  60  5:19  Probe  
  60  5:23  Probe  
  60  5:25  Stalker  
  62  5:30  Probe  
  63  5:36  Probe  
  63  5:40  Probe  
  65  5:45  Charge (Chrono Boost)  
  65  5:48  Probe  
  65  5:51  Probe  
  65  5:55  Forge  
  67  6:00  Probe  
  68  6:05  Immortal, Sentry x3  
  68  6:07  Probe  
  68  6:10  Probe  
  78  6:13  Probe  
  78  6:18  Probe  
  80  6:21  Probe  
  80  6:24  Pylon  
  80  6:25  Probe  
  83  6:28  Protoss Ground Armor Level 1 (Chrono Boost)  
  83  6:30  Probe  
  83  6:32  Sentry x2  
  86  6:33  Probe, Sentry  
  86  6:34  Pylon  
  86  6:37  Probe  
  92  6:42  Probe  
  92  6:44  Immortal, Gateway  
  92  6:45  Gateway  
  96  7:04  Stalker x3  
  98  7:18  Immortal  
  98  7:20  Gateway  
  98  7:23  Gateway  
  98  7:26  Gateway  
  98  7:28  Pylon, Zealot x3  
  102  7:40  Probe  
  85  7:44  Pylon  
  85  7:48  Pylon  
  85  7:53  Stalker x3, Photon Cannon  
  90  8:03  Photon Cannon  
  86  8:05  Stalker x2  
  86  8:10  Pylon, Probe  
  86  8:11  Probe  
  86  8:12  Pylon  
  92  8:13  Nexus, Probe  
  92  8:19  Pylon  
  93  8:24  Sentry x2  
  93  8:25  Probe  
  93  8:26  Probe  
  96  8:27  Pylon  
  96  8:28  Photon Cannon  
  96  8:30  Robotics Facility  
  96  8:33  Protoss Ground Armor Level 2 (Chrono Boost)  
  96  8:37  Gateway  
  96  8:38  Gateway  
  96  8:41  Mothership Core  
  98  8:46  Sentry x2  
  98  8:47  Sentry  
  104  8:51  Pylon  
  104  8:54  Stalker x2  
  107  8:59  Pylon  
  103  9:03  Stalker  
  103  9:04  Stalker x2  
  105  9:13  Templar Archives  
  105  9:15  Zealot x3  
  111  9:19  Forge  
  111  9:24  Probe  
  111  9:25  Probe  
  111  9:26  Probe x2  
  111  9:30  Zealot x4  
  123  9:34  Probe  
  123  9:37  Probe  
  125  9:41  Probe  
  125  9:42  Photon Cannon  
  125  9:43  Probe  
  126  9:52  Stalker x4  
  134  9:55  Immortal  
  134  10:00  Pylon  
  134  10:03  Protoss Ground Weapons Level 1 (Chrono Boost)  
  138  10:10  Zealot x4  
  115  10:22  Zealot x3  
  115  10:26  Zealot  
  119  10:30  Immortal  
  119  10:31  Zealot x4  
  131  10:43  Assimilator  
  131  10:47  Stalker x4, Assimilator  
  135  10:54  Zealot x4  
  133  11:00  Psionic Storm  
  133  11:10  High Templar x2  
  133  11:11  Zealot x2  
  141  11:18  Stalker  
  141  11:19  Stalker x3  
  141  11:34  Zealot x2  
  141  11:38  Immortal  
  119  11:41  Stalker  
  119  11:46  Zealot x5  
  101  11:58  Stalker x2  
  105  12:09  High Templar x2  
  105  12:11  Zealot x6  
  117  12:16  Archon  
  117  12:22  Zealot x2  
  85  12:31  Zealot x6  
Tags
 
Add a new tag
Caveats
  • Supply blocks, unpowered buildings, or Contaminate may cause inaccurate times.
  • Supply counts are checked every 10 seconds.